Map: Prion Terraces

Players

Miszu

  • Race: Terran Terran
  • League: Grandmaster

CentralPork - Winner!

  • Race: Zerg Zerg
  • League: Master

VOD

Have the link to the VOD?

Description

Time

  • Played on: Feb. 21, 2016, 2:49 p.m.
  • Length: 17:15
Show
View Real Time Build Order
Export as new Build Order

Miszu Terran 

Build Orders: Bio Tank 

Get SALT Encoding   

  12  0:00  SCV  
  13  0:13  SCV  
  14  0:19  Supply Depot  
  14  0:25  SCV  
  15  0:41  Barracks  
  15  0:53  Barracks  
  15  1:05  Barracks  
  15  1:26  SCV  
  16  1:38  SCV  
  15  1:47  Command Center, Barracks  
  15  1:50  SCV  
  16  2:02  Barracks  
  16  2:04  Barracks  
  16  2:06  SCV  
  17  2:16  Barracks  
  17  2:20  SCV  
  18  2:32  SCV  
  19  2:44  SCV  
  20  2:53  Marine  
  22  3:02  Orbital Command  
  22  3:06  Orbital Command  
  22  3:10  Marine  
  22  3:13  Marine  
  22  3:17  Marine  
  24  3:26  Refinery  
  24  3:28  SCV  
  24  3:31  SCV  
  24  3:34  Marine  
  26  3:35  Refinery  
  26  3:39  Marine  
  26  3:40  SCV  
  29  3:44  SCV  
  30  3:52  SCV  
  32  3:56  SCV  
  32  3:58  Marine x2  
  32  4:02  Supply Depot  
  35  4:04  SCV  
  35  4:08  SCV  
  35  4:12  Barracks Tech Lab  
  35  4:14  Supply Depot  
  35  4:16  Marine x2, SCV  
  38  4:20  Factory  
  38  4:23  SCV  
  39  4:27  Supply Depot  
  39  4:29  SCV  
  40  4:32  Supply Depot, Marine  
  40  4:33  Marine  
  40  4:34  Marine  
  40  4:36  SCV  
  44  4:41  SCV  
  45  4:48  SCV  
  45  4:50  Marine  
  45  4:51  Marine x2  
  49  4:53  Supply Depot  
  49  4:55  SCV  
  49  4:59  Refinery  
  50  5:04  Factory Tech Lab  
  50  5:06  Starport  
  50  5:08  Marine, SCV  
  50  5:09  Marine, SCV  
  50  5:11  Marine  
  55  5:20  SCV  
  55  5:21  SCV  
  57  5:24  Siege Tank  
  57  5:26  Marine  
  57  5:27  Marine  
  62  5:28  Liberator  
  62  5:29  Marine  
  62  5:33  SCV  
  64  5:36  SCV  
  65  5:47  SCV  
  69  5:50  SCV  
  70  5:57  Barracks Tech Lab  
  70  5:59  Supply Depot x2  
  70  6:06  Barracks Reactor  
  70  6:08  Supply Depot  
  70  6:10  Marine  
  70  6:11  Siege Tank, SCV x2  
  76  6:20  Engineering Bay x2  
  76  6:23  Refinery, SCV x2  
  78  6:32  Command Center  
  78  6:35  SCV x2  
  78  6:37  Stimpack  
  81  6:42  Starport Reactor  
  81  6:43  Siege Tank  
  81  6:46  Barracks Tech Lab  
  81  6:47  Terran Infantry Armor Level 1  
  83  6:49  Marine  
  83  6:50  Marine  
  83  6:51  Supply Depot  
  83  6:53  Marine, SCV  
  87  6:55  SCV  
  88  7:04  Terran Infantry Weapons Level 1  
  88  7:05  Marine, SCV  
  88  7:07  Marine x2, SCV  
  93  7:11  Marine, Combat Shields  
  94  7:17  SCV  
  94  7:18  Barracks x2  
  94  7:22  Marine  
  95  7:25  Marine x2  
  95  7:28  Marine  
  99  7:30  Medivac x2  
  99  7:35  Siege Tank  
  106  7:39  Supply Depot  
  106  7:40  Supply Depot x2, Marine  
  106  7:43  Marine x2  
  108  7:46  Marine, Armory  
  108  7:47  Orbital Command  
  109  7:58  Marine  
  109  8:00  Medivac  
  109  8:01  Marine x2  
  109  8:03  Supply Depot  
  109  8:04  Marine  
  115  8:12  Barracks Reactor x2  
  115  8:14  Supply Depot x2  
  115  8:16  Marine  
  115  8:19  Marine x2  
  118  8:22  Marine  
  118  8:24  Medivac, Siege Tank  
  118  8:25  Orbital Command  
  124  8:34  Marine  
  124  8:35  Terran Vehicle Weapons Level 1  
  124  8:36  Marine x2  
  124  8:40  Marine  
  125  8:51  Marine  
  125  8:52  Marine x4  
  125  8:54  Marine x2  
  133  8:58  Marauder  
  133  9:00  Siege Tank  
  136  9:09  Marine x2  
  137  9:10  Marine x2, Marauder  
  137  9:12  Marine  
  137  9:15  Marine, Orbital Command  
  143  9:19  Marine  
  148  9:27  Marine x2  
  148  9:31  Terran Infantry Weapons Level 2  
  148  9:32  Siege Tank  
  146  9:52  Marine x2  
  147  9:53  Marine x4  
  147  9:55  SCV  
  147  9:56  Marine  
  147  9:57  Marine  
  154  10:04  Siege Tank  
  157  10:10  Marine x6  
  157  10:13  Medivac x2  
  159  10:14  Marine  
  159  10:21  Terran Infantry Armor Level 2  
  160  10:22  Marine  
  160  10:28  Marine x3, Reaper  
  155  10:29  Marine  
  155  10:32  Marine  
  155  10:33  Marauder  
  161  10:36  Siege Tank  
  161  10:39  Marine  
  161  10:40  Refinery  
  165  10:43  Medivac  
  165  10:46  Refinery, Marine x3, SCV x2  
  165  10:48  Marine  
  173  11:01  Terran Vehicle Weapons Level 2  
  173  11:22  Sensor Tower  
  173  11:27  Orbital Command  
  173  11:32  Marine x6, Medivac  
  181  11:39  Supply Depot  
  181  11:40  Factory  
  181  11:43  Barracks  
  181  11:44  Refinery x2  
  181  11:45  Barracks  
  181  11:47  Marine, Barracks  
  181  11:49  Marine  
  181  11:51  Marine x2  
  181  11:53  Marine  
  181  11:56  Marine x3, Hellion  
  176  12:04  Marine  
  176  12:07  Marine  
  159  12:09  Marine  
  159  12:10  Marauder  
  159  12:11  Marine  
  159  12:14  Marine x3  
  154  12:17  Widow Mine  
  154  12:22  Marine  
  150  12:24  Marine  
  150  12:27  Marine  
  150  12:29  Marine  
  149  12:31  Marauder  
  149  12:32  Marine x2, Marauder  
  144  12:40  Marine  
  138  12:46  Marine, Siege Tank  
  140  12:52  Marauder  
  141  12:59  Marauder  
  129  13:14  Marauder  
  129  13:19  Marine  
  132  13:20  Marine x2  
  134  13:36  Marine  
  134  13:48  Orbital Command  
  134  13:52  Starport Tech Lab  
  134  13:53  Marine  
  134  13:54  Supply Depot, Marine  
  134  13:58  Marine  
  134  14:02  Marine x4  
  134  14:03  Marine  
  135  14:18  SCV  
  135  14:19  SCV  
  135  14:22  Terran Infantry Armor Level 3  
  135  14:25  Marine  
  135  14:30  SCV  
  135  14:31  SCV  
  133  14:40  Marauder x2  
  133  14:42  SCV  
  133  14:43  SCV  
  139  14:54  SCV  
  139  14:55  SCV  
  141  15:01  Marauder  
  141  15:06  SCV  
  141  15:07  SCV  
  142  15:17  Marine x2  
  142  15:18  Marine  
  142  15:19  Marauder  
  141  15:26  Marine  
  142  15:35  Marine x3  
  142  15:39  Marine x2, Raven, Marauder  
  142  15:40  Marine x3  
  145  15:44  Marine  
  143  15:53  Marine x3  
  143  15:57  Marine  
  129  16:07  Marine x6  
  129  16:10  Marine  
  129  16:11  Marine x2  
  124  16:14  Marine  
  118  16:25  Marine x6  
  100  16:28  Marine  
  100  16:29  Marine x2  
  100  16:32  Marine  
  95  16:42  Marine  
  95  16:43  Marine x3  
  95  16:44  Marauder  
  95  16:46  Marine x2  
  95  16:47  Marine  
  103  16:50  Marine  
Show
View Real Time Build Order
Export as new Build Order

CentralPork Zerg - Winner!

Build Orders: Hatch First, Lurkers 

Get SALT Encoding   

  12  0:01  Drone  
  13  0:15  Overlord  
  13  0:17  Drone  
  14  0:33  Drone x2  
  16  0:38  Drone  
  17  0:54  Hatchery  
  16  0:59  Drone  
  17  1:10  Spawning Pool  
  16  1:47  Drone x3  
  18  2:01  Zergling x2  
  18  2:02  Queen  
  21  2:08  Queen  
  23  2:20  Zergling x6  
  26  2:33  Overlord  
  26  2:34  Drone x2  
  28  2:49  Overlord  
  28  2:58  Extractor  
  27  2:59  Extractor  
  27  3:02  Drone x2  
  27  3:03  Drone x2  
  30  3:12  Overlord  
  30  3:13  Drone x4  
  34  3:21  Drone  
  34  3:24  Drone  
  34  3:25  Drone x2  
  38  3:29  Spine Crawler  
  38  3:30  Roach Warren  
  38  3:31  Extractor x2  
  38  3:32  Drone x2  
  36  3:50  Drone x2  
  38  3:57  Hatchery  
  38  4:02  Drone x3  
  40  4:04  Drone x3  
  40  4:08  Overlord  
  43  4:18  Roach  
  43  4:19  Roach x2  
  49  4:24  Overlord  
  49  4:32  Roach x4  
  57  4:43  Ravager  
  57  4:44  Ravager x2  
  60  4:50  Drone x2  
  60  4:51  Drone  
  60  4:52  Drone x2  
  64  4:53  Overlord  
  64  4:58  Lair  
  64  4:59  Drone x3  
  67  5:09  Overlord  
  67  5:10  Queen  
  67  5:11  Drone  
  67  5:13  Drone  
  71  5:20  Roach x2  
  75  5:23  Ravager  
  75  5:24  Ravager x2  
  78  5:33  Roach x2, Drone  
  78  5:34  Drone x3  
  85  5:43  Roach  
  85  5:44  Overlord, Roach  
  85  5:45  Drone  
  90  5:57  Glial Reconstitution  
  90  6:10  Hydralisk Den, Drone x3  
  92  6:11  Overlord  
  92  6:12  Overlord, Extractor  
  92  6:13  Extractor  
  92  6:15  Roach x2  
  92  6:16  Roach x2  
  98  6:23  Overlord  
  98  6:28  Overlord x2  
  98  6:35  Evolution Chamber  
  98  6:37  Drone x2, Evolution Chamber  
  99  6:40  Drone x2  
  99  6:42  Muscular Augments  
  99  6:45  Hydralisk x3  
  99  6:46  Hydralisk x3  
  112  6:52  Drone  
  113  6:55  Overlord  
  113  7:05  Hydralisk, Ravager x2  
  113  7:06  Hydralisk x5  
  126  7:11  Overseer  
  124  7:21  Hydralisk x2  
  127  7:28  Hydralisk x2  
  127  7:29  Drone x3  
  134  7:31  Drone x2  
  134  7:32  Drone x2  
  139  7:37  Drone  
  139  7:49  Zerg Missile Weapons Level 1, Zerg Ground Armor Level 1  
  138  7:56  Overseer  
  138  8:00  Lurker Den  
  138  8:03  Hatchery  
  138  8:05  Hydralisk x4  
  137  8:09  Overlord x2  
  145  8:27  Overlord  
  143  8:58  Hydralisk x10  
  143  8:59  Hydralisk x3  
  169  9:11  Overlord x2  
  169  9:15  Extractor x2  
  167  9:33  Lurker x4  
  162  9:48  Drone x3  
  160  9:54  Lurker  
  160  9:55  Lurker x5  
  166  10:06  Zerg Missile Weapons Level 2  
  166  10:12  Drone x3  
  166  10:13  Overlord  
  169  10:14  Hydralisk x2  
  173  10:24  Pneumatized Carapace  
  173  10:32  Hydralisk  
  173  10:33  Hydralisk x5  
  185  10:41  Infestation Pit  
  184  10:47  Overlord  
  184  10:50  Hydralisk x5  
  184  10:51  Hydralisk  
  196  11:04  Hydralisk x2, Hatchery  
  197  11:25  Overlord  
  197  11:26  Hive  
  197  11:27  Hydralisk  
  199  11:40  Overlord  
  199  11:57  Hydralisk  
  199  11:59  Hydralisk x2  
  199  12:17  Spire  
  192  12:27  Hydralisk x4  
  183  12:41  Drone x3  
  173  12:55  Lurker  
  173  12:56  Lurker x2  
  172  13:06  Lurker  
  172  13:07  Lurker x3  
  172  13:11  Extractor x2  
  171  13:22  Drone x3  
  174  13:30  Lurker x2  
  174  13:31  Lurker x2  
  174  13:32  Corruptor x3, Greater Spire  
  181  13:48  Overlord  
  160  14:14  Lurker  
  161  14:26  Corruptor x3  
  161  14:27  Corruptor  
  161  14:29  Drone x2  
  171  14:32  Hatchery  
  167  14:41  Hatchery  
  166  14:52  Corruptor, Brood Lord x3  
  172  14:53  Corruptor x4  
  180  15:08  Brood Lord x4  
  184  15:27  Drone x6, Hatchery  
  184  15:56  Brood Lord  
  184  15:57  Brood Lord x4  
  154  16:11  Hydralisk  
  154  16:12  Hydralisk x8  
  154  16:16  Hydralisk  
  174  16:23  Hydralisk x2  
  138  16:27  Hydralisk  
  127  16:35  Hydralisk x2  
  131  16:41  Hydralisk  
  131  16:42  Hydralisk  
  135  16:49  Hydralisk  
  135  16:50  Hydralisk  
Tags
 
Add a new tag
Caveats
  • Supply blocks, unpowered buildings, or Contaminate may cause inaccurate times.
  • Supply counts are checked every 10 seconds.